 Dungeon Crawl Stone Soup version 0.13.0-19-g8e0b589 (webtiles) character file.

130 M4edhros the Sneak (level 3, 0/24 HPs)
             Began as an Octopode Artificer on Oct 26, 2013.
             Slain by a jackal (3 damage)
             ... while paralysed by a potion of paralysis
             ... on Level 2 of the Dungeon.
             The game lasted 00:01:21 (1461 turns).

M4edhros the Sneak (Octopode Artificer)             Turns: 1461, Time: 00:01:22

HP   0/24        AC  1     Str 10      XL: 3   Next: 68%
MP   4/4         EV  2     Int 15      God:
Gold 84          SH  0     Dex 12      Spells:  0 memorised,  2 levels left

Res.Fire  : . . .   See Invis. : .   q - -2,-3 whip (curse)
Res.Cold  : . . .   Warding    : .   (no shield)
Life Prot.: . . .   Conserve   : .   (helmet restricted)
Res.Poison: .       Res.Corr.  : .   (no amulet)
Res.Elec. : .       Clarity    : .   o - ring of protection from magic
Sust.Abil.: . .     Spirit.Shd : .   (no ring)
Res.Mut.  : .       Stasis     : .   (no ring)
Res.Rott. : .       Flight     : .   (no ring)
Saprovore : . . .                    (no ring)
                                     (no ring)
                                     (no ring)
                                     (no ring)

@: paralysed, somewhat resistant to hostile enchantments, very stealthy
A: almost no armour, amphibious, 8 rings, constrict 8, camouflage 1, AC +1
a: no special abilities


You were on level 2 of the Dungeon.
You were near starving.

You visited 1 branch of the dungeon, and saw 2 of its levels.

You collected 64 gold pieces.

Inventory:

Hand weapons
 a - a +0,+0 short sword
 q - a cursed -2,-3 whip (weapon)
Missiles
 m - 8 curare-tipped needles
Magical devices
 b - a wand of flame (15)
 c - a wand of enslavement (15)
 d - a wand of random effects (15)
Comestibles
 f - 2 bread rations
 i - an apple
 n - a meat ration
Scrolls
 e - a scroll of enchant armour {unknown}
 h - a scroll of recharging
 j - a scroll of identify
Jewellery
 o - a ring of protection from magic (left tentacle)
Potions
 p - a potion of heal wounds {unknown}


   Skills:
 - Level 1.0 Fighting
 - Level 1.0 Short Blades
 - Level 2.0 Dodging
 + Level 5.0 Stealth
 - Level 3.2 Evocations


You had 2 spell levels left.
You didn't know any spells.

Dungeon Overview and Level Annotations

Branches:
Dungeon (2/27)

Altars:
the Shining One


Innate Abilities, Weirdness & Mutations

You cannot wear most types of armour.
You are amphibious.
You can wear up to eight rings at the same time.
You can use your tentacles to constrict many enemies at once.
Your skin changes colour to match your surroundings (Stlth).
Your rubbery body absorbs attacks (AC +1).


Message History

Your Stealth skill increases to level 5!
The jackal bites you. The jackal closely misses you. The jackal misses you.
You hit the jackal but do no damage. You grab the jackal.
You constrict the jackal, but do no damage.
The jackal bites you.
* * * LOW HITPOINT WARNING * * *
The jackal bites you.
* * * LOW HITPOINT WARNING * * *
The jackal misses you.
Drink which item? (? for menu, Esc to quit)
It has a very clean taste.
It was a potion of cure mutation.
You constrict the jackal.
The jackal bites you but does no damage.
The jackal closely misses you.
Drink which item? (? for menu, Esc to quit)
You suddenly lose the ability to move!
You lose your grip on the jackal.
It was a potion of paralysis.
The jackal bites you.
* * * LOW HITPOINT WARNING * * *
The jackal bites you.
You die...

...###################.# #.#.#
...# #.# #.#.# #.## #.# #.#.# #.#
#.# #.#.# #.# #.######.#.#
#.####################.#....#.#.#
.......................#....#.#.#
#.###########..h.......#....#.#.#
#.# #.....%@......#....#.#.# ...
...≈.≈.h#.####.#....#.#.# #.##
#..⌠..##.# #.#..)...... #.#
##.... #.# #.#....#.#.. #.# ####
#.# #.######.#.. #.# #.# #.#
#.#.. #.# #.# . #.#.. #.# #.#
#.#.. #.####### #.# #.#..


You could see 2 jackals.

Vanquished Creatures
  A gnoll (D:1)
  2 giant geckos (D:1)
  3 giant cockroaches
  4 hobgoblins
  8 jackals
  4 kobolds
  A bat (D:1)
  A giant newt (D:1)
  3 goblins
  3 rats
30 creatures vanquished.

Notes
Turn   | Place    | Note
--------------------------------------------------------------
     0 | D:1      | M4edhros, the Octopode Artificer, began the quest for the Orb.
     0 | D:1      | Reached XP level 1. HP: 14/14 MP: 1/1
    60 | D:1      | Reached XP level 2. HP: 5/19 MP: 3/3
   627 | D:1      | Reached skill level 4 in Stealth
   627 | D:1      | Reached XP level 3. HP: 6/24 MP: 4/4
  1013 | D:2      | Found a glowing golden altar of the Shining One.
  1458 | D:2      | Reached skill level 5 in Stealth
  1461 | D:2      | Paralysed by a potion of paralysis for 6 turns
  1461 | D:2      | Slain by a jackal

Action                   || total
-------------------------++-------
Melee: Short sword       ||    53
       Whip              ||    18
  Use: Scroll            ||     4
       Potion            ||     2
 Stab: Sleeping          ||     5
